 Dungeon Crawl Stone Soup version 0.25.1-9-gc5326a611f (webtiles) character file.

Game seed: 14739560348672260746

168 pokeman the Magician (level 5, -3/29 HPs)
             Began as a Deep Elf Wizard on Dec 28, 2020.
             Killed by miscasting Mephitic Cloud (9 damage)
             ... on level 4 of the Dungeon.
             The game lasted 00:05:02 (3592 turns).

pokeman the Magician (Deep Elf Wizard)              Turns: 3592, Time: 00:05:02

Health: -3/29      AC: 12    Str:  4    XL:     5   Next: 24%
Magic:  1/15       EV: 12    Int: 24    God:
Gold:   191        SH:  0    Dex: 13    Spells: 5/16 levels left

rFire    . . .     SeeInvis .   e - -2 spear (curse)
rCold    . . .     Gourm    .   (no shield)
rNeg     . . .     Faith    .   s - +0 leather armour
rPois    .         Spirit   .   g - +2 helmet
rElec    .         Reflect  .   (no cloak)
rCorr    .         Harm     .   n - +0 pair of gloves (curse)
MR       .....                  a - +0 pair of boots
Stlth    ++........             (no amulet)
HPRegen  0.09/turn              q - +4 ring of protection
MPRegen  0.14/turn              (no ring)

@: very slightly contaminated
A: no striking features
a: no special abilities


You were on level 4 of the Dungeon.
You were not hungry.

You visited 1 branch of the dungeon, and saw 4 of its levels.

You collected 191 gold pieces.

Inventory:

Hand Weapons
 e - a cursed -2 spear (weapon)
 r - a +1 dagger of freezing
Missiles
 h - 80 arrows
 j - 24 bolts
Armour
 a - a +0 pair of boots (worn)
 g - a +2 helmet (worn)
 n - a cursed +0 pair of gloves (worn)
 s - a +0 leather armour (worn)
Jewellery
 q - a +4 ring of protection (left hand)
Wands
 c - a wand of acid (4)
Scrolls
 b - 2 scrolls of immolation {unknown}
 i - 4 scrolls of identify {unknown}
 k - a scroll of enchant weapon {unknown}
 l - 4 scrolls of remove curse {unknown}
 o - 2 scrolls of teleportation {unknown}
 p - a scroll of random uselessness {unknown}
Potions
 f - a potion of curing {unknown}
 m - a potion of mutation {unknown}
 t - a potion of lignification {unknown}
Comestibles
 d - 6 rations


   Skills:
 - Level 1.0 Fighting
 - Level 1.0 Armour
 - Level 3.0 Dodging
 - Level 2.4 Stealth
 * Level 6.1 Spellcasting
 + Level 2.6 Conjurations
 - Level 1.1 Summonings
 - Level 1.1 Translocations
 - Level 1.3 Fire Magic
 + Level 0.1 Air Magic
 + Level 0.2 Poison Magic


You had 5 spell levels left.
You knew the following spells:

 Your Spells              Type           Power        Failure   Level  Hunger
a - Magic Dart            Conj           ###.         4%          1    None
b - Mephitic Cloud        Conj/Pois/Air  ##......     26%         3    #......
c - Call Imp              Summ           ##......     13%         2    None
d - Blink                 Tloc           N/A          13%         2    None
e - Conjure Flame         Conj/Fire      ###.....     19%         3    #......

Your spell library contained the following spells:

 Spells                   Type           Power        Failure   Level  Hunger
 Slow                     Hex            #.......     21%         2    None


Dungeon Overview and Level Annotations

Branches:
Dungeon (4/15)
 Temple: D:4-7

Altars:


Message History

The orc wizard points at you and mumbles some strange words.
The magic dart hits you.
The orc wizard mumbles some strange words.
The orc wizard blinks!
You feel sick.
You are no longer poisoned.
You see here a frilled lizard skeleton.
Found a chain mail.
An ooze comes into view.
The orc wizard points at you and mumbles some strange words.
The magic dart hits you!
* * * LOW HITPOINT WARNING * * *
Casting: Mephitic Cloud (quite dangerous; 26% risk of failure)
Confirm with . or Enter, or press ? or * to list all spells.
The spell is quite dangerous to cast (26% risk of failure)!
Continue anyway?
Aiming: Mephitic Cloud (quite dangerous; 26% risk of failure)
Press: ? - help, Shift-Dir - straight line, f/p - orc wizard
Aim: an orc wizard, wielding a +1 dagger of protection and wearing a +0 robe (fast)
You miscast Mephitic Cloud.
You are blasted with magical energy!
You die...

#...W## .... #...## #...#.#
##..## #...#.#. ##..##
##.#.[... # #..## ###.......
#. #.## ###........ #.#.#
###...#...#####.
#.รท###...........#....#######
##....W....o.@...#......<...##
#.###........................#
#.# ##.#...#........#.#####..#
#.# #.#............# #..# #.
#............... #.<# #
###..#.#######.# #..# #.##...
# ###... #.##### #...## #.# #
#.###


You could see a hungry ghost and an orc wizard (fast).

Vanquished Creatures
  An orc wizard (D:4)
  A worker ant (D:4)
  A hound skeleton (D:4)
  2 adders (D:3)
  A gnoll (D:1)
  4 worms
  4 dart slugs
  2 leopard geckos
  5 orcs (D:4)
  6 bats
  2 giant cockroaches (D:2)
  2 goblins
  2 hobgoblins (D:1)
  2 quokkas
  A ball python (D:4)
  5 frilled lizards
  11 kobolds
  7 rats
59 creatures vanquished.

Notes
Turn   | Place    | Note
-------+----------+-------------------------------------------
     0 | D:1      | pokeman the Deep Elf Wizard began the quest for the Orb.
     0 | D:1      | Reached XP level 1. HP: 10/10 MP: 7/7
   144 | D:1      | Reached XP level 2. HP: 13/16 MP: 0/9
   434 | D:1      | Reached skill level 5 in Spellcasting
   727 | D:1      | Reached XP level 3. HP: 20/20 MP: 8/11
   732 | D:1      | Learned a level 3 spell: Mephitic Cloud
   735 | D:1      | Learned a level 2 spell: Call Imp
   738 | D:1      | Learned a level 2 spell: Blink
   742 | D:1      | Learned a level 3 spell: Conjure Flame
  1343 | D:2      | Reached skill level 1 in Armour
  1677 | D:2      | Reached skill level 1 in Fighting
  2285 | D:3      | Reached XP level 4. HP: 25/25 MP: 8/13
  3208 | D:4      | Reached skill level 1 in Fire Magic
  3371 | D:4      | Reached skill level 6 in Spellcasting
  3371 | D:4      | Reached XP level 5. HP: 29/29 MP: 5/15
  3560 | D:4      | Noticed a hungry ghost
  3592 | D:4      | Killed by miscasting Mephitic Cloud

Illustrated notes

Levels and vault maps discovered:
D:1:      saegor_arrival_simple_d, layout_rooms, chequers_serial_rivers_micro_a
D:2:      layout_loops_ring
D:3:      layout_loops_cross
D:4:      layout_loops_ring, minmay_manual_mandibuliform, uniq_natasha

Skill      XL: |  1  2  3  4 |
---------------+-------------+-----
Spellcasting   | 5 6 |  6.1
Armour         | 1 |  1.0
Fighting       | 1 |  1.0
Conjurations   | 2 |  2.6
Fire Magic     | 1 |  1.3
Dodging        | 3 |  3.0
Stealth        | |  2.4
Summonings     | |  1.1
Translocations | |  1.1
Air Magic      | |  0.1
Poison Magic   | |  0.2

Action                   |  1- 3 |  4- 6 || total
-------------------------+-------+-------++-------
Melee: Spear             |     6 |     7 ||    13
 Cast: Magic Dart        |    91 |    82 ||   173
       Conjure Flame     |       |     1 ||     1
  Eat: Chunk             |     4 |     4 ||     8
Armor: Robe              |     3 |       ||     3
       Leather armour    |       |     1 ||     1
Dodge: Dodged            |    17 |    10 ||    27
